 Dungeon Crawl Stone Soup version 0.28.0 (webtiles) character file.

Game seed: 1245414985798870212

144 Crownlay the Cudgeller (level 5, 0/53 HPs)
             Began as a Troll Berserker on Feb 17, 2022.
             Was a Priest of Trog.
             Slain by a bullfrog (4 damage)
             ... on level 3 of the Dungeon.
             The game lasted 00:02:58 (1996 turns).

Crownlay the Cudgeller (Troll Berserker)            Turns: 1996, Time: 00:02:59

Health: 0/53       AC:  5    Str: 27    XL:     5   Next: 5%
Magic:  4/4        EV: 10    Int:  3    God:    Trog [***...]
Gold:   119        SH:  0    Dex:  9    Spells: 4/4 levels left

rFire   . . .      SeeInvis .   s - +1 flail (vorpal)
rCold   . . .      Faith    +   (no shield)
rNeg    . . .      Spirit   .   b - +0 animal skin
rPois   .          Reflect  .   (helmet restricted)
rElec   .          Harm     .   r - +0 cloak
rCorr   .          Rampage  .   (gloves unavailable)
Will    .....                   (boots unavailable)
Stlth   +.........              j - amulet of faith
HPRegen 0.97/turn               (no ring)
MPRegen 0.09/turn               (no ring)

@: no status effects
A: large, unfitting armour, claws 3, regeneration 1, shaggy fur 1, tough skin 1
a: Renounce Religion, Berserk, Trog's Hand


You were on level 3 of the Dungeon.
You worshipped Trog.
Trog was most pleased with you.
You visited 1 branch of the dungeon, and saw 3 of its levels.

You collected 130 gold pieces.
You spent 11 gold pieces at shops.

Inventory:

Hand Weapons
 s - a +1 vorpal flail (weapon)
Missiles
 e - 2 poisoned darts (quivered)
Armour
 b - a +0 animal skin (worn)
 r - a +0 cloak (worn)
Jewellery
 j - an amulet of faith (around neck)
Scrolls
 c - a scroll of enchant armour {unknown}
 f - 2 scrolls of noise
 g - 3 scrolls of identify {unknown}
 i - a scroll of brand weapon {unknown}
 l - a scroll of blinking {unknown}
 q - a scroll of amnesia {unknown}
Potions
 d - 2 potions of heal wounds {unknown}
 h - a potion of magic {unknown}
 k - a potion of mutation {unknown}
 m - a potion of lignification {unknown}
 n - a potion of flight {unknown}
 o - a potion of attraction {unknown}
 p - a potion of haste {unknown}


   Skills:
 + Level 3.3 Fighting
 * Level 4.5 Maces & Flails
 - Level 2.4 Dodging


You had 4 spell levels left.
You didn't know any spells.
Your spell library was empty.

Dungeon Overview and Level Annotations

Branches:
Dungeon (3/15)

Altars:

Shops:
D:1 ?   D:3 *


Innate Abilities, Weirdness & Mutations

You are too large for most types of armour.
You have claws for hands.
Your natural rate of healing is unusually fast.
You are covered in fur. (AC +1)
You have tough skin. (AC +1)


Message History

You barely miss the bullfrog.
The bullfrog is severely wounded.
The bullfrog closely misses you.
The water moccasin zombie barely misses you.
The bullfrog closely misses you. The water moccasin zombie bites you.
You hit the bullfrog.
The bullfrog is severely wounded.
The bullfrog hits you.
The water moccasin zombie completely misses you.
The bullfrog hits you.
You hit the bullfrog.
The bullfrog is almost dead.
The bullfrog hits you. The water moccasin zombie bites you. x2
* * * LOW HITPOINT WARNING * * *
The bullfrog barely misses you.
You are too injured to fight recklessly!
You are too injured to fight recklessly!
You are too injured to fight recklessly!
You are too injured to fight recklessly!
You barely miss the bullfrog. Your claw misses the bullfrog.
The bullfrog is almost dead.
The bullfrog hits you.
* * * LOW HITPOINT WARNING * * *
The water moccasin zombie bites you but does no damage.
You barely miss the bullfrog.
The bullfrog is almost dead.
The bullfrog misses you.
The water moccasin zombie closely misses you.
The bullfrog hits you.
* * * LOW HITPOINT WARNING * * *
You barely miss the bullfrog.
The bullfrog is almost dead.
The bullfrog hits you.
* * * LOW HITPOINT WARNING * * *
The water moccasin zombie bites you.
* * * LOW HITPOINT WARNING * * *
The water moccasin zombie bites you.
* * * LOW HITPOINT WARNING * * *
The bullfrog hits you.
You die...

#).# ##.
.....########)## #..
...............# #..
...............## #..
................# #..
##............#.## #†.
#........######..# #..
..
#.....Z..#######.#####..
..
......F@..............†.
#.
........................
#
#........#######..######
# ########## #......## #
##......## # #.......##
# .. #.......## # ...
#.....###. #+##....
#.........


You could see a bullfrog and a water moccasin zombie.

Vanquished Creatures
  Terence (D:2)
  3 gnolls (D:2)
  2 adders (D:3)
  A worm (D:2)
  A dart slug (D:1)
  3 orcs (D:3)
  2 ball pythons
  8 bats
  6 endoplasms
  2 giant cockroaches (D:1)
  6 goblins
  4 hobgoblins
  3 jackals (D:1)
  4 quokkas
  3 frilled lizards
  A kobold (D:3)
  13 rats
63 creatures vanquished.

Notes
Turn   | Place    | Note
-------+----------+-------------------------------------------
     0 | D:1      | Crownlay the Troll Berserker began the quest for the Orb.
     0 | D:1      | Reached XP level 1. HP: 22/22 MP: 0/0
    69 | D:1      | Reached skill level 3 in Maces & Flails
   132 | D:1      | Reached XP level 2. HP: 29/29 MP: 1/1
   150 | D:1      | Found Soufif's Magic Scroll Shop.
   181 | D:1      | Bought a scroll of noise for 11 gold pieces
   228 | D:1      | Found a faded altar of an unknown god.
   306 | D:1      | Reached ** piety under Trog
   537 | D:1      | Reached XP level 3. HP: 36/36 MP: 2/2
   826 | D:2      | Noticed Terence
   838 | D:2      | Killed Terence
   841 | D:2      | Reached skill level 4 in Maces & Flails
   844 | D:2      | Reached XP level 4. HP: 45/45 MP: 3/3
  1566 | D:3      | Found Zafrimu's General Store.
  1904 | D:3      | Reached XP level 5. HP: 53/53 MP: 4/4
  1908 | D:3      | Reached *** piety under Trog
  1996 | D:3      | Slain by a bullfrog

Illustrated notes

Levels and vault maps discovered:
D:1:      dpeg_arrival_signposts, layout_basic, serial_shops,
          nicolae_shop_crystal, hellmonk_ecumenical_altar_crossroads
D:2:      layout_basic, uniq_terence
D:3:      layout_basic, serial_shops,
          nicolae_shop_temple_entry_statues_fountains

Skill      XL: |  1  2  3 |
---------------+----------+-----
Maces & Flails | 3 4 |  4.5
Fighting       | 3 |  3.3
Dodging        | |  2.4

Action                   |  1- 3 |  4- 6 || total
-------------------------+-------+-------++-------
Melee: Mace              |    77 |   117 ||   194
       Punch             |     3 |       ||     3
       Flail             |       |    13 ||    13
Invok: Berserk           |     1 |       ||     1
Armor: Animal skin       |    54 |    51 ||   105
Dodge: Dodged            |    54 |    94 ||   148
